| TOP OF THE 1ST |
|
St. Louis Cardinals batting - Pitching for New York Mets : RHP Benjamin Ochoa
|
|
Pitching: RHP Benjamin Ochoa
|
|
|
Batting: SHB Otis Nixon
|
0-0: Called Strike 0-1: Fly out, F6 (Line Drive, 6, EV 68.8 MPH)
|
|
Batting: LHB Jim Gantner
|
0-0: Swinging Strike 0-1: Ground out 6-3 (Groundball, 56, EV 107.5 MPH)
|
|
Batting: RHB Sixto Lezcano
|
0-0: Swinging Strike 0-1: SINGLE (Line Drive, 7LS, EV 109.4 MPH)
|
|
Batting: RHB Bob Watson
|
0-0: Called Strike 0-1: Ball Sixto Lezcano steals 2nd base (no throw) 1-1: Foul Ball, location: 2F 1-2: Ball 2-2: SINGLE (Line Drive, 6D, EV 98.8 MPH) Sixto Lezcano to third Runner from 3rd tries for Home, SAFE, throw by CF to home
|
|
Batting: LHB Mike Davis
|
0-0: Ball 1-0: Fly out, F8 (Line Drive, 8RM, EV 87.5 MPH)
|
| Top of the 1st over - 1 run, 2 hits, 0 errors, 1 left on base; St. Louis 1 - New York 0 |
| BOTTOM OF THE 1ST |
|
New York Mets batting - Pitching for St. Louis Cardinals : RHP John D'Acquisto
|
|
Pitching: RHP John D'Acquisto
|
|
|
Batting: LHB Lyman Bostock
|
0-0: Ball 1-0: Ball 2-0: Ball 3-0: Called Strike 3-1: Foul Ball, location: 2F 3-2: SINGLE (Line Drive, 9LS, EV 93.1 MPH)
|
|
Batting: RHB Ray Knight
|
0-0: Bunt missed! 0-1: Bunted foul 0-2: Strikes out looking
|
|
Batting: LHB John Kruk
|
0-0: Called Strike 0-1: Ball 1-1: Called Strike Lyman Bostock steals 2nd base 1-2: Strikes out looking
|
|
Batting: RHB Garry Maddox
|
0-0: Ball 1-0: Ball 2-0: Fly out, F9 (Flyball, 9, EV 91.9 MPH)
|
| Bottom of the 1st over - 0 runs, 1 hit, 0 errors, 1 left on base; St. Louis 1 - New York 0 |
| TOP OF THE 2ND |
|
St. Louis Cardinals batting - Pitching for New York Mets : RHP Benjamin Ochoa
|
|
Batting: RHB Joe Torre
|
0-0: Foul Ball, location: 2F 0-1: Fly out, F7 (Line Drive, 7, EV 90.0 MPH)
|
|
Batting: LHB Pat Putnam
|
0-0: Called Strike 0-1: SINGLE (Line Drive, 6MD, EV 95.0 MPH)
|
|
Batting: RHB Steve Lubratich
|
0-0: DOUBLE (Flyball, 8RXD, EV 90.0 MPH) Pat Putnam to third Runner from 3rd tries for Home, SAFE, no throw by CF
|
|
Batting: RHB John D'Acquisto
|
0-0: Ball 1-0: Called Strike 1-1: Ball 2-1: Foul Ball, location: 2F 2-2: Foul Ball, location: 2F 2-2: Strikes out looking
|
|
Batting: SHB Otis Nixon
|
0-0: Swinging Strike 0-1: Ball 1-1: Ball 2-1: Foul Ball, location: 2F 2-2: Foul Ball, location: 2F 2-2: Fly out, F3 (Flyball, 3D, EV 88.1 MPH)
|
| Top of the 2nd over - 1 run, 2 hits, 0 errors, 1 left on base; St. Louis 2 - New York 0 |
| BOTTOM OF THE 2ND |
|
New York Mets batting - Pitching for St. Louis Cardinals : RHP John D'Acquisto
|
|
Batting: SHB Ken Singleton
|
0-0: Foul Ball, location: 2F 0-1: Ball 1-1: Ball 2-1: Fly out, F9 (Line Drive, 9D, EV 103.1 MPH)
|
|
Batting: RHB Rick Burleson
|
0-0: Ball 1-0: Foul Ball, location: 2F 1-1: Fly out, F4 (Line Drive, 4, EV 66.9 MPH)
|
|
Batting: RHB Bill Almon
|
0-0: Fly out, F8 (Flyball, 8LS, EV 83.1 MPH)
|
| Bottom of the 2nd over - 0 runs, 0 hits, 0 errors, 0 left on base; St. Louis 2 - New York 0 |
| TOP OF THE 3RD |
|
St. Louis Cardinals batting - Pitching for New York Mets : RHP Benjamin Ochoa
|
|
Batting: LHB Jim Gantner
|
0-0: Ball 1-0: Ball 2-0: Foul Ball, location: 2F 2-1: Ground out 3-1 (Groundball, 34, EV 86.3 MPH)
|
|
Batting: RHB Sixto Lezcano
|
0-0: Called Strike 0-1: Swinging Strike 0-2: Ball 1-2: Foul Ball, location: 2F 1-2: SINGLE (Groundball, 34D, EV 103.1 MPH)
|
|
Batting: RHB Bob Watson
|
0-0: Ball Sixto Lezcano is caught stealing 2nd base 2-4 1-0: Called Strike 1-1: Called Strike 1-2: Strikes out swinging
|
| Top of the 3rd over - 0 runs, 1 hit, 0 errors, 0 left on base; St. Louis 2 - New York 0 |
| BOTTOM OF THE 3RD |
|
New York Mets batting - Pitching for St. Louis Cardinals : RHP John D'Acquisto
|
|
Batting: LHB Terry Kennedy
|
0-0: Foul Ball, location: 2F 0-1: Ball 1-1: Fly out, F8 (Line Drive, 8LD, EV 87.5 MPH)
|
|
Batting: RHB Benjamin Ochoa
|
0-0: Ground out 5-3 (Groundball, 56, EV 95.0 MPH)
|
|
Batting: LHB Lyman Bostock
|
0-0: Foul Ball, location: 2F 0-1: Ball 1-1: Foul Ball, location: 2F 1-2: Foul Ball, location: 2F 1-2: Ball 2-2: Ball 3-2: DOUBLE (Groundball, 3L, EV 103.8 MPH)
|
|
Batting: RHB Ray Knight
|
0-0: Ball 1-0: Ball 2-0: Called Strike 2-1: TRIPLE (Line Drive, 8LXD, EV 114.4 MPH) Lyman Bostock scores
|
|
Batting: LHB John Kruk
|
0-0: Called Strike 0-1: Ball 1-1: Foul Ball, location: 2F 1-2: Foul Ball, location: 2F 1-2: Ground out U3 (Groundball, 3, EV 76.9 MPH)
|
| Bottom of the 3rd over - 1 run, 2 hits, 0 errors, 1 left on base; St. Louis 2 - New York 1 |
| TOP OF THE 4TH |
|
St. Louis Cardinals batting - Pitching for New York Mets : RHP Benjamin Ochoa
|
|
Batting: LHB Mike Davis
|
0-0: Called Strike 0-1: Called Strike 0-2: Foul Ball, location: 2F 0-2: Ball 1-2: SINGLE (Line Drive, 9LS, EV 108.8 MPH)
|
|
Batting: RHB Joe Torre
|
0-0: Called Strike 0-1: Grounds into double play, 5-4-3 (Groundball, 5, EV 103.1 MPH)
|
|
Batting: LHB Pat Putnam
|
0-0: Ball 1-0: Called Strike 1-1: Ball 2-1: Called Strike 2-2: Foul Ball, location: 2F 2-2: Ball 3-2: Fly out, F9 (Flyball, 9S, EV 86.9 MPH)
|
| Top of the 4th over - 0 runs, 1 hit, 0 errors, 0 left on base; St. Louis 2 - New York 1 |
| BOTTOM OF THE 4TH |
|
New York Mets batting - Pitching for St. Louis Cardinals : RHP John D'Acquisto
|
|
Batting: RHB Garry Maddox
|
0-0: Ball 1-0: Foul Ball, location: 2F 1-1: Ball 2-1: Ball 3-1: Base on Balls
|
|
Batting: SHB Ken Singleton
|
0-0: Ball 1-0: Called Strike 1-1: SINGLE (Groundball, 4MD, EV 98.1 MPH) Garry Maddox to second Runner from 2nd tries for 3rd, SAFE, throw by CF made to third
|
|
Batting: RHB Rick Burleson
|
0-0: Ball 1-0: Called Strike 1-1: Foul Ball, location: 2F 1-2: Fly out, F7 (Flyball, 78D, EV 78.8 MPH) Runner from 3rd tags up, SCORES, throw by LF
|
|
Batting: RHB Bill Almon
|
0-0: Fielders Choice at 2nd, 4-6 (Groundball, 4, EV 79.4 MPH)
|
|
Batting: LHB Terry Kennedy
|
0-0: Called Strike 0-1: Called Strike Bill Almon steals 2nd base 0-2: Ball 1-2: SINGLE (Line Drive, 7S, EV 88.8 MPH) Bill Almon to third Runner from 3rd tries for Home, throw by LF and OUT! 7-2
|
| Bottom of the 4th over - 1 run, 2 hits, 0 errors, 1 left on base; St. Louis 2 - New York 2 |
| TOP OF THE 5TH |
|
St. Louis Cardinals batting - Pitching for New York Mets : RHP Benjamin Ochoa
|
|
Batting: RHB Steve Lubratich
|
0-0: Ball 1-0: Foul Ball, location: 2F 1-1: Fly out, F4 (Popup, 3DF, EV 40.6 MPH)
|
|
Batting: RHB John D'Acquisto
|
0-0: Ball 1-0: Called Strike 1-1: Called Strike 1-2: Ball 2-2: Strikes out swinging
|
|
Batting: SHB Otis Nixon
|
0-0: Foul Ball, location: 2F 0-1: Ball 1-1: Foul Ball, location: 2F 1-2: Ball 2-2: Ball 3-2: Ground out 4-3 (Groundball, 4D, EV 86.9 MPH)
|
| Top of the 5th over - 0 runs, 0 hits, 0 errors, 0 left on base; St. Louis 2 - New York 2 |
| BOTTOM OF THE 5TH |
|
New York Mets batting - Pitching for St. Louis Cardinals : RHP John D'Acquisto
|
|
Batting: RHB Benjamin Ochoa
|
0-0: Ball 1-0: Foul Ball, location: 2F 1-1: SINGLE (Groundball, P, EV 88.8 MPH) (infield hit)
|
|
Batting: LHB Lyman Bostock
|
0-0: Called Strike 0-1: Fly out, F5 (Flyball, 5D, EV 85.0 MPH)
|
|
Batting: RHB Ray Knight
|
0-0: Ball 1-0: Called Strike 1-1: Foul Ball, location: 2F 1-2: Foul Ball, location: 2F 1-2: SINGLE (Line Drive, 8LS, EV 87.5 MPH) Benjamin Ochoa to second Runner from 2nd tries for 3rd, SAFE, no throw by CF
|
|
Batting: LHB John Kruk
|
0-0: Hit by Pitch Ray Knight to second
|
|
Batting: RHB Garry Maddox
|
0-0: Called Strike 0-1: Called Strike 0-2: Ball 1-2: Ball 2-2: Foul Ball, location: 2F 2-2: SINGLE (Flyball, 8LS, EV 93.1 MPH) Benjamin Ochoa scores Ray Knight to third John Kruk to second Runner from 3rd tries for Home, SAFE, throw by CF to home
|
|
Batting: SHB Ken Singleton
|
0-0: Foul Ball, location: 2F 0-1: Swinging Strike 0-2: Ball 1-2: Fly out, F7 (Flyball, 7S, EV 97.5 MPH)
|
|
Batting: RHB Rick Burleson
|
0-0: Fly out, F6 (Line Drive, 6, EV 66.3 MPH)
|
| Bottom of the 5th over - 2 runs, 3 hits, 0 errors, 2 left on base; St. Louis 2 - New York 4 |
| TOP OF THE 6TH |
|
St. Louis Cardinals batting - Pitching for New York Mets : RHP Benjamin Ochoa
|
|
Batting: LHB Jim Gantner
|
0-0: Ball 1-0: Ball 2-0: Swinging Strike 2-1: Swinging Strike 2-2: Ground out U3 (Groundball, 34, EV 89.4 MPH)
|
|
Batting: RHB Sixto Lezcano
|
0-0: Ball 1-0: Ball 2-0: SINGLE (Groundball, 34D, EV 104.4 MPH)
|
|
Batting: RHB Bob Watson
|
0-0: Ball 1-0: Called Strike Sixto Lezcano steals 2nd base 1-1: Ground out 3-1 (Groundball, 34, EV 86.3 MPH) Sixto Lezcano to third
|
|
Batting: LHB Mike Davis
|
0-0: Called Strike 0-1: Reached on error, E5 (Groundball, 56S, EV 80.6 MPH) Sixto Lezcano scores
|
|
Batting: RHB Joe Torre
|
0-0: Called Strike 0-1: Called Strike 0-2: Ball 1-2: Foul Ball, location: 2F 1-2: Ground out 6-3 (Groundball, 6MD, EV 85.0 MPH)
|
| Top of the 6th over - 1 run, 1 hit, 1 error, 1 left on base; St. Louis 3 - New York 4 |
| BOTTOM OF THE 6TH |
|
New York Mets batting - Pitching for St. Louis Cardinals : RHP John D'Acquisto
|
|
Batting: RHB Bill Almon
|
0-0: Called Strike 0-1: Ball 1-1: Swinging Strike 1-2: Strikes out swinging
|
|
Batting: LHB Terry Kennedy
|
0-0: Fly out, F7 (Line Drive, 7, EV 86.9 MPH)
|
|
Batting: RHB Benjamin Ochoa
|
0-0: Ball 1-0: Ball 2-0: Called Strike 2-1: Ground out 5-3 (Groundball, 56S, EV 90.0 MPH)
|
| Bottom of the 6th over - 0 runs, 0 hits, 0 errors, 0 left on base; St. Louis 3 - New York 4 |
| TOP OF THE 7TH |
|
St. Louis Cardinals batting - Pitching for New York Mets : RHP Benjamin Ochoa
|
|
Batting: LHB Pat Putnam
|
0-0: Ball 1-0: Fly out, F2 (Popup, 2RF, EV 88.8 MPH)
|
|
Batting: RHB Steve Lubratich
|
0-0: Ground out 4-3 (Groundball, 34D, EV 104.4 MPH)
|
|
Batting: RHB John D'Acquisto
|
0-0: Ball 1-0: Ball 2-0: Ball 3-0: Called Strike 3-1: Base on Balls
|
|
Batting: SHB Otis Nixon
|
0-0: Ball 1-0: Ball 2-0: Ball 3-0: Called Strike 3-1: Fielders Choice at 2nd, U6 (Groundball, 6M, EV 87.5 MPH)
|
| Top of the 7th over - 0 runs, 0 hits, 0 errors, 1 left on base; St. Louis 3 - New York 4 |
| BOTTOM OF THE 7TH |
|
New York Mets batting - Pitching for St. Louis Cardinals : RHP John D'Acquisto
|
|
Pitching: RHP Robert Arnold
|
|
|
Batting: LHB Lyman Bostock
|
0-0: Ball 1-0: Called Strike 1-1: Ball 2-1: Ball 3-1: Base on Balls
|
|
Batting: RHB Ray Knight
|
0-0: Called Strike 0-1: Ball 1-1: SINGLE (Groundball, 34D, EV 105.0 MPH) Lyman Bostock to second Runner from 2nd tries for 3rd, SAFE, no throw by RF
|
|
Batting: LHB John Kruk
|
0-0: Swinging Strike 0-1: Called Strike 0-2: Ball 1-2: Foul Ball, location: 2F 1-2: Ground out 4-3 (Groundball, 4, EV 81.3 MPH) Ray Knight to second
|
|
Batting: RHB Garry Maddox
|
0-0: Ball 1-0: Ball 2-0: Called Strike 2-1: Foul Ball, location: 2F 2-2: Strikes out swinging
|
|
Batting: SHB Ken Singleton
|
0-0: Ball 1-0: Fly out, F7 (Flyball, 7S, EV 82.5 MPH)
|
| Bottom of the 7th over - 0 runs, 1 hit, 0 errors, 2 left on base; St. Louis 3 - New York 4 |
| TOP OF THE 8TH |
|
St. Louis Cardinals batting - Pitching for New York Mets : RHP Benjamin Ochoa
|
|
Now at 1B: Gary Redus
|
|
|
Batting: LHB Jim Gantner
|
0-0: Ball 1-0: Ball 2-0: Ball 3-0: Base on Balls
|
|
Pitching: RHP Matt Adams
|
|
|
Now at 1B: Alamazoo White
|
|
|
Batting: RHB Sixto Lezcano
|
0-0: Swinging Strike 0-1: Ball Wild Pitch! Jim Gantner to second 1-1: Called Strike 1-2: Foul Ball, location: 2F 1-2: Ball 2-2: Ball 3-2: Strikes out looking
|
|
Batting: RHB Bob Watson
|
0-0: Called Strike 0-1: Called Strike 0-2: Ball 1-2: Foul Ball, location: 2F 1-2: Ball 2-2: Strikes out looking
|
|
Batting: LHB Mike Davis
|
0-0: 2-RUN HOME RUN (Line Drive, 9LD, EV 103.1 MPH), Distance : 374 ft
|
|
Batting: RHB Joe Torre
|
0-0: Called Strike 0-1: Called Strike 0-2: Strikes out swinging
|
| Top of the 8th over - 2 runs, 1 hit, 0 errors, 0 left on base; St. Louis 5 - New York 4 |
| BOTTOM OF THE 8TH |
|
New York Mets batting - Pitching for St. Louis Cardinals : RHP Robert Arnold
|
|
Pitching: RHP Larry Andersen
|
|
|
Now at 1B: Craig Stimac
|
|
|
Batting: RHB Rick Burleson
|
0-0: Fly out, F7 (Flyball, 7D, EV 77.5 MPH)
|
|
Batting: RHB Bill Almon
|
0-0: SINGLE (Groundball, 13, EV 76.9 MPH) (infield hit)
|
|
Batting: LHB Terry Kennedy
|
0-0: Ball 1-0: Called Strike 1-1: Foul Ball, location: 2F 1-2: Strikes out swinging
|
|
Batting: LHB Alamazoo White
|
0-0: Ball 1-0: Ball 2-0: Foul Ball, location: 2F 2-1: Foul Ball, location: 2F 2-2: Foul Ball, location: 2F 2-2: Ball 3-2: Foul Ball, location: 2F 3-2: Foul Ball, location: 2F 3-2: Ground out 6-3 (Groundball, 6, EV 81.3 MPH)
|
| Bottom of the 8th over - 0 runs, 1 hit, 0 errors, 1 left on base; St. Louis 5 - New York 4 |
| TOP OF THE 9TH |
|
St. Louis Cardinals batting - Pitching for New York Mets : RHP Matt Adams
|
|
Batting: LHB Pat Putnam
|
0-0: Ball 1-0: Ball 2-0: Called Strike 2-1: Foul Ball, location: 2F 2-2: Ball 3-2: Base on Balls
|
|
Batting: RHB Steve Lubratich
|
0-0: Ball 1-0: Ball 2-0: Swinging Strike 2-1: Foul Ball, location: 2F 2-2: Strikes out swinging
|
|
Batting: RHB Craig Stimac
|
0-0: Ball 1-0: Foul Ball, location: 2F 1-1: Foul Ball, location: 2F 1-2: Foul Ball, location: 2F 1-2: Strikes out swinging
|
|
Batting: SHB Otis Nixon
|
0-0: Swinging Strike 0-1: Called Strike 0-2: Strikes out swinging
|
| Top of the 9th over - 0 runs, 0 hits, 0 errors, 1 left on base; St. Louis 5 - New York 4 |
| BOTTOM OF THE 9TH |
|
New York Mets batting - Pitching for St. Louis Cardinals : RHP Larry Andersen
|
|
Now in LF: Mookie Wilson
|
|
|
Batting: LHB Lyman Bostock
|
0-0: SINGLE (Groundball, 13S, EV 74.4 MPH) (infield hit)
|
|
Batting: RHB Ray Knight
|
0-0: Ball 1-0: Grounds into double play, 4-6-3 (Groundball, 4, EV 106.3 MPH)
|
|
Batting: LHB John Kruk
|
0-0: Ball 1-0: Ball 2-0: Called Strike 2-1: Foul Ball, location: 2F 2-2: Foul Ball, location: 2F 2-2: Foul Ball, location: 2F 2-2: Strikes out swinging
|
| Bottom of the 9th over - 0 runs, 1 hit, 0 errors, 0 left on base; St. Louis 5 - New York 4 |
|